 Dungeon Crawl Stone Soup version bcrawl-1.28.5 (webtiles) character file.

Game seed: 2672969423099042992

410626 Mehrunes the Apostle (level 15, -6/134 HPs)
             Began as a Hill Orc Monk on Feb 1, 2021.
             Was a High Priest of Beogh.
             Mangled by a large slime creature (22 damage)
             ... on level 1 of the Swamp.
             The game lasted 01:00:50 (25979 turns).

Mehrunes the Apostle (Hill Orc Monk)               Turns: 25979, Time: 01:00:50

Health: -6/134     AC: 32    Str: 21    XL:     15   Next: 53%
Magic:  33/38      EV: 14    Int: 10    God:    Beogh [*****.]
Gold:   1313       SH:  0    Dex: 13    Spells: 14/14 levels left

rFire    + . .     SeeInvis .   o - +9 broad axe (protect)
rCold    + + .     Gourm    .   (no shield)
rNeg     . . .     Faith    .   W - +4 plate armour {rF+}
rPois    .         Spirit   .   D - +1 hat of the Loofah {rC+ MP+9}
rElec    .         Reflect  .   q - +0 cloak
rCorr    .         Harm     .   (no gloves)
MR       +....                  N - +0 pair of boots
Stlth    ..........             r - amulet "Syof" {Acrobat rC+}
HPRegen  0.32/turn              V - ring of wizardry
MPRegen  0.26/turn              y - +6 ring of evasion

@: protection aura, recalling
A: walk on water
a: Smiting, Stop Recall, Give Item to Named Follower, Renounce Religion


You were on level 1 of the Swamp.
You worshipped Beogh.
Beogh was extremely pleased with you.
You were hungry.

You visited 4 branches of the dungeon, and saw 20 of its levels.
You also visited: Gauntlet.

You collected 2265 gold pieces.
You spent 952 gold pieces at shops.

Inventory:

Hand Weapons
 n - a +2 long sword of holy wrath
 o - a +9 broad axe of protection (weapon)
 F - a +2 flail of protection
 H - the +7 quarterstaff of the Tomato {pain, rF+}
   (You found it on level 7 of the Dungeon)

   In the hands of one skilled in necromantic magic, it inflicts extra damage on
   living creatures.
   It protects you from fire.
Missiles
 v - a throwing net {=f}
Armour
 q - a +0 cloak (worn)
 z - a +3 troll leather armour {Snorg}
 D - the +1 hat of the Loofah (worn) {rC+ MP+9}
   (You found it in a Gauntlet)

   It protects you from cold.
   It affects your magic capacity (+9).
 N - a +0 pair of boots (worn)
 W - a +4 plate armour of fire resistance (worn)
Jewellery
 d - an uncursed amulet of guardian spirit
 r - the amulet "Syof" (around neck) {Acrobat rC+}
   (You took it off a minotaur in a Gauntlet)

   [amulet of the acrobat]

   It helps you evade while moving and waiting.
   It protects you from cold.
 u - the ring of the Freezing Messenger {Wiz *Slow rN++}
   (You found it on level 4 of the Lair of Beasts)

   [ring of wizardry]

   It improves your spell success rate.
   It greatly protects you from negative energy.
   It may slow you when you take damage.
 y - a +6 ring of evasion (right hand)
 E - the ring of Zoacusuxa {Ice Int+2}
   (You took it off Fannar on level 12 of the Dungeon)

   [ring of ice]

   It enhances your ice magic.
   It affects your intelligence (+2).
   It makes you vulnerable to fire.
   It protects you from cold.
 G - an uncursed ring of positive energy
 V - a ring of wizardry (left hand)
Wands
 a - a wand of digging (9)
 x - a wand of iceblast (22)
 K - a wand of paralysis (13)
 L - a wand of flame (54)
 O - a wand of disintegration (26)
 P - a wand of polymorph (22)
 Q - a wand of random effects (26)
 Y - a wand of clouds (6)
Scrolls
 f - 9 scrolls of remove curse
 g - 5 scrolls of immolation
 h - a scroll of enchant armour
 j - 4 scrolls of teleportation
 k - 7 scrolls of magic mapping
 l - a scroll of noise {unknown}
 m - 2 scrolls of fog
 t - 2 scrolls of amnesia
 A - 7 scrolls of blinking
 T - a scroll of acquirement
 U - 4 scrolls of fear
 Z - 5 scrolls of identify
Potions
 b - a potion of lignification {unknown}
 c - 3 potions of mutation {unknown}
 i - 3 potions of might
 p - a potion of haste {unknown}
 s - a potion of ambrosia {unknown}
 w - a potion of magic {unknown}
 B - a potion of flight {unknown}
 C - 3 potions of heal wounds {unknown}
 I - a potion of berserk rage {unknown}
 J - a potion of brilliance
 M - a potion of curing
 R - 2 potions of cancellation {unknown}
 S - 3 potions of agility
Comestibles
 e - 34 rations {!d}


   Skills:
 + Level 12.8 Fighting
   Level 12.8 Short Blades
   Level 12.8 Long Blades
   Level 12.8 Axes
   Level 12.8 Maces & Flails
   Level 12.8 Polearms
   Level 12.8 Staves
 + Level 15.0 Armour
 - Level 2.4 Dodging
 - Level 1.7 Stealth
   Level 12.8 Unarmed Combat
 * Level 21.5 Invocations


You had 14 spell levels left.
You didn't know any spells.
Your spell library contained the following spells:

 Spells                   Type           Power        Failure   Level  Hunger
 Flame Tongue             Conj/Fire      #....        80%         1    None
 Freeze                   Ice            #.....       80%         1    None
 Throw Frost              Conj/Ice       #.....       80%         2    ####...
 Ensorcelled Hibernation  Hex/Ice        #.....       90%         2    ####...
 Flaming Arrows           Chrm/Fire      #.......     90%         2    ####...
 Confuse                  Hex            #.......     98%         3    #####..
 Conjure Flame            Conj/Fire      #.......     98%         3    #####..
 Dazzling Orbs            Conj/Hex       #......      98%         3    #####..
 Inner Flame              Hex/Fire       N/A          98%         3    #####..
 Ozocubu's Armour         Chrm/Ice       #.......     98%         3    #####..
 Recall                   Summ/Tloc      N/A          98%         3    #####..
 Fulminant Prism          Conj/Hex       #.........   100%        4    ######.
 Ice Form                 Ice/Tmut       #.......     100%        4    ######.
 Petrify                  Tmut/Erth      #.........   100%        4    ######.
 Sticky Flame             Conj/Fire      #.......     100%        4    ######.
 Summon Ice Beast         Ice/Summ       #.......     100%        4    ######.
 Throw Icicle             Conj/Ice       #.......     100%        4    ######.
 Yara's Violent Unravell  Hex/Tmut       #.........   100%        4    ######.
 Aura of Abjuration       Summ           #.........   100%        5    #######
 Bolt of Draining         Conj/Necr      #.........   100%        5    #######
 Fireball                 Conj/Fire      #.........   100%        5    #######
 Metabolic Englaciation   Hex/Ice        #.........   100%        5    #######
 Summon Demon             Summ           #.........   100%        5    #######
 Summon Forest            Summ/Tloc      #.........   100%        5    #######
 Summon Mana Viper        Hex/Summ       #.......     100%        5    #######
 Borgnjor's Vile Clutch   Necr/Erth      #.........   100%        6    #######
 Darkness                 Hex            #.........   100%        6    #######
 Freezing Cloud           Ice/Air        #.........   100%        6    #######
 Infestation              Hex/Tmut/Pois  #........    100%        6    #######
 Iron Shot                Conj/Erth      #.........   100%        6    #######
 Poison Arrow             Conj/Pois      #.........   100%        6    #######
 Shadow Creatures         Summ           N/A          100%        6    #######
 Mana Rupture             Conj/Hex       #.........   100%        7    #######
 Orb of Destruction       Conj           #.........   100%        7    #######
 Spellforged Servitor     Conj/Summ      #.........   100%        7    #######
 Time Stop                Chrm/Tloc      N/A          100%        8    #######
 Tornado                  Air            #.........   100%        9    #######


Dungeon Overview and Level Annotations

Branches:
Dungeon (12/12)            Temple (0/1) D:7            Lair (6/6) D:7
  Swamp (1/3) Lair:3       Spider (0/3) Lair:3        Slime (0/5) Lair:5
    Orc (1/1) D:11            Elf (0/3) Orc          Vaults (0/3) D:12
 Depths (0/5) D:12

Altars:
Dithmenos
Fedhas
Gozag
Lugonu
Makhleb
Nemelex Xobeh
Qazlal
Ru
Sif Muna
Trog
Vehumet
Jiyva

Shops:
D:4 %   D:6 (   D:9 ?   Orc ??(%!

Annotations:
D:6 3 runed translucent doors, Winsalot's ghost, novice OnVM


Message History

* * * LOW HITPOINT WARNING * * *
x2 The grasping roots constrict you.
The large slime creature closely misses you.
You begin recalling your allies.
Morbeogh is recalled.
Arbolt is recalled.
Your orc sorcerer is recalled.
The hornet stings you but does no damage.
The hornet closely misses you. The shambling mangrove hits you!
* * * LOW HITPOINT WARNING * * *
The large slime creature hits you but does no damage.
You feel better.
Your orc knight is recalled.
Your orc wizard is recalled.
The hornet stings you but does no damage.
The hornet closely misses you.
Arbolt hits the hornet with a +1 glaive of freezing!!
Arbolt freezes the hornet!
Morbeogh barely misses the hornet.
The shambling mangrove closely misses you.
The hornet stings you but does no damage.
Your orc sorcerer hits the hornet but does no damage.
The large slime creature hits you!!
You die...

. ...≈≈≈≈≈..≈
.♣♣♣.≈≈≈≈≈.♣♣ .≈≈.♣
♣≈♣.≈≈≈.≈≈≈.♣♣ .≈≈.♣
..≈.≈≈≈.....≈♣ ..≈≈≈.
............♣ ..§..≈
...≈≈≈..≈≈≈.♣ ♣..≈≈.♣
...<§≈..≈≈≈.♣♣♣♣♣♣♣?.≈≈≈≈.
≈....≈≈.....≈..o♣Jo>≈≈≈≈≈≈
≈≈..≈≈≈≈..≈.≈≈oy@fy.≈≈≈≈≈≈
≈≈≈≈≈≈≈...≈≈≈≈≈oy≈o.≈≈≈≈≈≈
≈≈≈.≈≈.≈♣.≈≈≈≈≈..≈≈≈≈≈≈...
♣♣♣.≈≈..♣♣≈≈≈♣♣♣♣♣.≈≈≈≈..♣
≈..≈≈≈..♣≈.♣♣ ♣...≈≈..≈
...§≈≈≈..♣♣♣ .§≈.≈≈...
.≈≈≈≈≈≈.. .≈≈≈...≈.
≈≈≈≈≈≈≈.≈


You could see a shambling mangrove, a large slime creature, 3 hornets, a
friendly orc knight, the friendly Arbolt the orc knight, a friendly orc
sorcerer, the friendly Morbeogh the orc sorcerer and a friendly orc wizard.

Vanquished Creatures
  A minotaur (Gauntlet)
  Snorg (D:10)
  A yaktaur captain (D:8)
  A fire dragon (D:12)
  An ice dragon (D:12)
  6 hydras
  Psyche (D:10)
  Fannar (D:12)
  4 centaur warriors
  2 two-headed ogres
  An alligator (Swamp:1)
  2 dancing weapons (D:12)
  A death knight (D:12)
  9 death yaks
  An orc high priest (Orc)
  Nergalle (D:10)
  2 wizards (Gauntlet)
  An oklob plant (Lair:3)
  A phantasmal warrior (D:12)
  An orc sorcerer (Orc)
  An orc knight (Orc)
  A deep elf mage (D:9)
  5 ugly things
  2 large abominations (Gauntlet)
  6 elephants (Lair:4)
  3 manticores
  A centaur zombie (D:12)
  A black mamba (Lair:4)
  21 cane toads
  A gargoyle (D:12)
  2 rime drakes
  An efreet (D:12)
  6 komodo dragons
  2 freezing wraiths
  4 trolls
  2 polar bears
  4 tyrant leeches (Lair:6)
  10 slime creatures
  A hornet (D:10)
  3 bog bodies
  A meliai zombie (D:11)
  6 hippogriffs
  29 blink frogs
  7 dream sheep (Lair:4)
  A vampire (D:11)
  A spriggan (D:9)
  5 basilisks
  2 shadows
  2 wraiths (D:12)
  Eustachio (D:5)
  Sigmund (D:5)
  20 yaks
  14 vampire mosquitoes
  A hungry ghost (D:9)
  4 wargs
  Edmund (D:4)
  6 swamp worms
  4 small abominations (Gauntlet)
  14 crocodiles
  A soldier ant (D:12)
  3 acid dragons
  6 water moccasins
  7 porcupines
  2 black bears
  4 sky beasts
  3 orc warriors
  4 ice beasts
  2 necrophages (D:8)
  2 phantoms (D:7)
  4 ogres
  An eye of draining (D:12)
  11 wolves
  4 centaurs
  2 big kobolds (D:6)
  17 bullfrogs
  5 scorpions
  7 killer bees
  3 howler monkeys
  An electric eel (Lair:6)
  7 crimson imps
  6 hounds
  13 jellies
  6 centaur skeletons
  A gnoll shaman (D:8)
  4 orc priests
  A bullfrog skeleton (D:4)
  4 iguanas
  Terence (D:3)
  4 hell rats
  Natasha (thrice) (D:3)
  12 orc wizards
  13 worker ants
  2 hound skeletons
  2 hound zombies (D:7)
  3 gnolls
  A howler monkey skeleton (D:7)
  11 river rats
  14 adders
  4 shadow imps
  2 white imps (Gauntlet)
  An ooze (Lair:5)
  3 adder zombies
  An adder skeleton (D:6)
  4 worms
  2 dart slugs (D:2)
  5 leopard geckos
  18 orcs
  5 bats
  5 giant cockroaches
  4 goblins
  8 hobgoblins
  16 jackals
  22 kobolds
  5 quokkas
  4 frilled lizards
  A quokka skeleton (D:4)
  18 rats
  A fungus (Lair:6)
  5 plants
567 creatures vanquished.

Vanquished Creatures (collateral kills)
  A two-headed ogre (D:10)
  An orc high priest (Orc)
  3 orc knights (Orc)
  2 orc sorcerers (Orc)
  A troll (Orc)
  2 slime creatures (D:11)
  2 yaks (D:11)
  A warg (Orc)
  3 orc warriors
  An orc priest (Orc)
  5 orc wizards
  An adder (D:11)
  6 orcs
29 creatures vanquished.

Vanquished Creatures (others)
  An orc high priest (Orc)
  2 orc warriors (Orc)
  6 orc wizards
  4 orc priests
  14 orcs
  A bush (Lair:4)
  8 fungi
  36 plants
  5 toadstools (D:1)
77 creatures vanquished.

Grand Total: 673 creatures vanquished

Notes
Turn   | Place    | Note
-------+----------+-------------------------------------------
     0 | D:1      | Mehrunes the Hill Orc Monk began the quest for the Orb.
     0 | D:1      | Reached XP level 1. HP: 22/22 MP: 2/2
    15 | D:1      | Reached skill level 5 in Fighting
    62 | D:1      | Reached skill level 1 in Armour
    65 | D:1      | Reached XP level 2. HP: 22/29 MP: 4/4
   541 | D:1      | Reached XP level 3. HP: 26/36 MP: 2/5
  1678 | D:2      | Found a sparkling altar of Nemelex Xobeh.
  1859 | D:3      | Reached XP level 4. HP: 42/42 MP: 6/6
  2024 | D:3      | Noticed Natasha
  2214 | D:3      | Killed Natasha
  2340 | D:3      | Reached XP level 5. HP: 48/50 MP: 5/7
  2538 | D:3      | Noticed Natasha
  2545 | D:3      | Killed Natasha
  2558 | D:3      | Noticed Terence
  2594 | D:3      | Killed Terence
  2613 | D:3      | Noticed Natasha
  2623 | D:3      | Killed Natasha
  2728 | D:3      | Reached XP level 6. HP: 24/57 MP: 4/8
  3148 | D:4      | Noticed Edmund
  3528 | D:4      | Killed Edmund
  3529 | D:4      | Reached skill level 5 in Armour
  3529 | D:4      | Reached XP level 7. HP: 33/64 MP: 4/9
  3613 | D:4      | Found a blossoming altar of Fedhas.
  3646 | D:4      | Found Vuholicu's Food Shoppe.
  4169 | D:4      | Found a shimmering blue altar of Sif Muna.
  4169 | D:4      | Found a faded altar of an unknown god.
  4174 | D:4      | Found a burning altar of Makhleb.
  4193 | D:4      | Found a faded altar of an unknown god.
  4195 | D:4      | Found a radiant altar of Vehumet.
  4276 | D:5      | Entered Level 5 of the Dungeon
  4325 | D:5      | Became a worshipper of Beogh the Brigand
  4325 | D:5      | Reached * piety under Beogh
  4325 | D:5      | Reached ** piety under Beogh
  4503 | D:5      | Found a shadowy altar of Dithmenos.
  4553 | D:5      | Reached XP level 8. HP: 68/73 MP: 6/10
  4560 | D:5      | Reached skill level 3 in Invocations
  4667 | D:5      | Noticed Sigmund
  4669 | D:5      | Killed Sigmund
  4670 | D:5      | Reached skill level 4 in Invocations
  4845 | D:5      | Found a bloodstained altar of Trog.
  5012 | D:5      | Reached skill level 5 in Invocations
  5280 | D:6      | Found a runed translucent gate.
  5280 | D:6      | Found a runed translucent gate.
  5280 | D:6      | Found a runed translucent gate.
  5280 | D:6      | Noticed Winsalot's ghost (novice OnVM)
  5316 | D:6      | Reached skill level 6 in Invocations
  5354 | D:6      | Found a stormy altar of Qazlal.
  5359 | D:6      | Noticed Eustachio
  5381 | D:6      | Reached skill level 7 in Invocations
  5381 | D:6      | Reached XP level 9. HP: 81/81 MP: 10/14
  5792 | D:5      | Killed Eustachio
  5803 | D:5      | Reached skill level 8 in Invocations
  6134 | D:6      | Found Otionetz's Antique Weapon Boutique.
  6402 | D:7      | Reached skill level 9 in Invocations
  6578 | D:7      | Found a corrupted altar of Lugonu.
  6602 | D:7      | Got a pitted quarterstaff
  6714 | D:7      | Found a staircase to the Ecumenical Temple.
  6928 | D:7      | Reached skill level 10 in Invocations
  6933 | D:7      | Reached XP level 10. HP: 30/90 MP: 7/17
  7074 | D:7      | Found a staircase to the Lair.
  7449 | D:7      | Reached skill level 11 in Invocations
  7649 | D:7      | Found a sacrificial altar of Ru.
  7815 | D:8      | Found an opulent altar of Gozag.
  7827 | D:8      | Reached *** piety under Beogh
  8270 | D:8      | Noticed a yaktaur captain
  8273 | D:8      | Killed a yaktaur captain
  8274 | D:8      | Reached skill level 12 in Invocations
  8631 | D:9      | Noticed a manticore
  8631 | D:9      | Noticed a centaur warrior
  9131 | Lair:1   | Entered Level 1 of the Lair of Beasts
  9173 | Lair:1   | Noticed a six-headed hydra
  9181 | Lair:1   | Noticed a cane toad
  9190 | Lair:1   | Killed a six-headed hydra
  9191 | Lair:1   | Reached skill level 10 in Armour
  9191 | Lair:1   | Reached XP level 11. HP: 26/97 MP: 3/20
  9193 | Lair:1   | Reached skill level 13 in Invocations
 11066 | Lair:2   | Reached skill level 14 in Invocations
 11706 | Lair:2   | Identified the +7 quarterstaff of the Tomato {pain, rF+}
                  | (You found it on level 7 of the Dungeon)
 11879 | Lair:3   | Reached skill level 10 in Fighting
 12013 | Lair:3   | Found a staircase to the Swamp.
 12117 | Lair:3   | Noticed an oklob plant
 12117 | Lair:3   | Found a hole to the Spider Nest.
 12162 | Lair:3   | Identified a scroll of acquirement
 12163 | Lair:3   | Identified the ring "Heratu" {+Fly Str-2 Int+6} (You
                  | acquired it on level 3 of the Lair of Beasts)
 12434 | Lair:3   | Reached XP level 12. HP: 71/106 MP: 23/23
 12594 | Lair:3   | Reached skill level 15 in Invocations
 13503 | Lair:4   | Noticed a death yak
 13503 | Lair:4   | Noticed a death yak
 13503 | Lair:4   | Noticed a death yak
 13503 | Lair:4   | Noticed a death yak
 13536 | Lair:3   | Killed a death yak
 13718 | Lair:4   | Noticed a death yak
 13754 | Lair:4   | Killed a death yak
 14041 | Lair:4   | Reached skill level 16 in Invocations
 14217 | Lair:4   | Got a brightly glowing iron ring
 14434 | Lair:4   | Reached **** piety under Beogh
 14807 | Lair:4   | Killed a death yak
 14811 | Lair:4   | Killed a death yak
 14814 | Lair:4   | Killed a death yak
 15167 | Lair:4   | Reached skill level 17 in Invocations
 15167 | Lair:4   | Reached XP level 13. HP: 84/115 MP: 25/25
 15227 | Lair:5   | Found a gate leading to a gauntlet.
 15236 | Gauntlet | Entered a Gauntlet
 15236 | Gauntlet | Found a transporter.
 15236 | Gauntlet | Found a transporter.
 15241 | Gauntlet | Found a transporter.
 15244 | Gauntlet | Found a transporter.
 15246 | Gauntlet | Found a transporter.
 15246 | Gauntlet | Found a transporter.
 15259 | Gauntlet | Found a transporter.
 15288 | Gauntlet | Found a transporter.
 15312 | Gauntlet | Found a transporter.
 15312 | Gauntlet | Found a transporter.
 15418 | Gauntlet | Got a scintillating turquoise ring
 15430 | Gauntlet | Identified the ring of the Freezing Messenger {Wiz *Slow
                  | rN++} (You found it on level 4 of the Lair of Beasts)
 15431 | Gauntlet | Identified the cursed ring of Voghiorph {EV-5 Int+2} (You
                  | found it in a Gauntlet)
 15604 | Gauntlet | Got a crude hat
 15615 | Gauntlet | Identified the +1 hat of the Loofah {rC+ MP+9} (You found
                  | it in a Gauntlet)
 15668 | Gauntlet | Identified the amulet "Syof" {Acrobat rC+}
 15668 | Gauntlet | Noticed a minotaur
 15671 | Gauntlet | Killed a minotaur
 16173 | Lair:5   | Found a staircase to the Slime Pits.
 16174 | Lair:5   | Found a viscous altar of Jiyva.
 16508 | Lair:6   | Entered Level 6 of the Lair of Beasts
 16722 | Lair:6   | Reached skill level 18 in Invocations
 17108 | Lair:6   | Reached ***** piety under Beogh
 17324 | Lair:6   | Reached XP level 14. HP: 122/125 MP: 27/27
 17405 | Lair:6   | Reached skill level 19 in Invocations
 19005 | D:9      | Gained Worak as an ally
 19051 | D:9      | Your ally Worak died
 19300 | D:9      | Found a burning altar of Makhleb.
 19300 | D:9      | Noticed an Executioner
 19330 | D:9      | Found Veisug's Magic Scroll Boutique.
 19885 | D:9      | Got a faintly humming scale mail
 20161 | D:10     | Entered Level 10 of the Dungeon
 20162 | D:10     | Noticed Psyche
 20319 | D:10     | Reached skill level 20 in Invocations
 20409 | D:10     | Noticed Snorg
 20608 | D:10     | Killed Snorg
 21116 | D:10     | Noticed Nergalle
 21119 | D:10     | Killed Nergalle
 21579 | D:10     | Killed Psyche
 22216 | D:11     | Found a staircase to the Orcish Mines.
 22219 | D:11     | Gained Arbolt as an ally
 22478 | D:11     | Got a twisted hand crossbow
 22609 | D:11     | Reached XP level 15. HP: 134/134 MP: 29/29
 23309 | D:12     | Entered Level 12 of the Dungeon
 23444 | D:11     | Identified the cursed +1 hand crossbow "Hydraslayer"
                  | {penet, Fragile rElec rPois MR++} (You found it on level 11
                  | of the Dungeon)
 23509 | D:12     | Identified the ring of Zoacusuxa {Ice Int+2}
 23509 | D:12     | Noticed Fannar
 23511 | D:12     | Killed Fannar
 23608 | D:12     | Reached skill level 21 in Invocations
 23657 | D:12     | Identified Zoxulewo's Handbook of Boosting Feathers
 23689 | D:12     | Found a gate to the Vaults.
 24107 | D:12     | Found a staircase to the Depths.
 24235 | Orc      | Entered the Orcish Mines
 24575 | Orc      | Found Pont's Distillery.
 24829 | Orc      | Gained Berold as an ally
 24833 | Orc      | Gained Morbeogh as an ally
 24870 | Orc      | Found Dotulot's Food Shoppe.
 24870 | Orc      | Found Qofidgh's Weapon Shop.
 25193 | Orc      | Found Hitralamu's Magic Scroll Shoppe.
 25193 | Orc      | Found Ikhlesyi's Magic Scroll Shop.
 25207 | Orc      | Bought a scroll of enchant weapon for 120 gold pieces
 25208 | Orc      | Bought a scroll of acquirement for 832 gold pieces
 25287 | Orc      | Found a staircase to the Elven Halls.
 25926 | Swamp:1  | Entered Level 1 of the Swamp
 25964 | Swamp:1  | Reached skill level 15 in Armour
 25979 | Swamp:1  | Mangled by a large slime creature

Skill      XL: |  1  2  3  4  5  6  7  8  9 10 11 12 13 14 15 |
---------------+----------------------------------------------+-----
Fighting       | 5 6 7 8 9 10 11 12 | 12.8
Armour         | 1 2 3 4 5 6 7 8 10 11 12 13 14 15 | 15.0
Invocations    | 7 10 12 14 17 18 20 21 | 21.5
Short Blades   | | 12.8
Long Blades    | | 12.8
Axes           | | 12.8
Maces & Flails | | 12.8
Polearms       | | 12.8
Staves         | | 12.8
Dodging        | |  2.4
Stealth        | |  1.7
Unarmed Combat | | 12.8

Action                   |  1- 3 |  4- 6 |  7- 9 | 10-12 | 13-15 || total
-------------------------+-------+-------+-------+-------+-------++-------
Melee: Falchion          |   111 |       |       |       |       ||   111
       Long sword        |    33 |   189 |   431 |   183 |       ||   836
       Punch             |     2 |     7 |    11 |    20 |    33 ||    73
       Flail             |       |       |       |   222 |    39 ||   261
       Quarterstaff      |       |       |       |    45 |     7 ||    52
       Broad axe         |       |       |       |   198 |   850 ||  1048
Invok: Convert to Beogh  |       |       |     1 |       |       ||     1
       Smiting           |       |       |     7 |    11 |    32 ||    50
       Recall Orcish Fol |       |       |       |       |     9 ||     9
       Give Item to Name |       |       |       |       |     1 ||     1
  Use: Scroll            |       |     1 |       |    15 |     6 ||    22
       Potion            |       |       |       |     7 |     5 ||    12
 Stab: Sleeping          |     2 |     1 |       |       |       ||     3
       Paralysed         |       |       |       |       |     6 ||     6
       Distracted        |       |       |       |       |     5 ||     5
  Eat: Chunk             |     6 |    10 |    17 |    32 |    47 ||   112
       Ration            |       |       |     2 |     4 |     4 ||    10
Armor: Robe              |    26 |     5 |       |       |       ||    31
       Ring mail         |       |    51 |   187 |       |       ||   238
       Chain mail        |       |       |    29 |   264 |       ||   293
       Plate armour      |       |       |       |   121 |   581 ||   702
Dodge: Dodged            |    93 |    98 |   293 |   248 |   771 ||  1503
Block: Other             |     5 |     4 |    30 |    14 |       ||    53
